 Dungeon Crawl Stone Soup version 0.26-a0-854-gdc81c2f471 (webtiles) character file.

Game seed: 828916221179975272

102 robertstho the Skirmisher (level 4, -2/41 HPs)
             Began as a Minotaur Berserker on Nov 23, 2020.
             Was a Believer of Trog.
             Killed by nerve-wracking pain
             ... invoked by an orc priest
              (9 damage)
             ... while paralysed by Grinder
             ... on level 3 of the Dungeon.
             The game lasted 00:01:55 (2005 turns).

robertstho the Skirmisher (Minotaur Berserker)      Turns: 2005, Time: 00:01:55

Health: -2/41      AC:  5    Str: 22    XL:     4   Next: 50%
Magic:  3/3        EV:  2    Int:  5    God:    Trog [**....]
Gold:   45         SH:  0    Dex:  9    Spells: 3/3 levels left

rFire    . . .     SeeInvis .   a - +0 hand axe
rCold    . . .     Faith    .   (no shield)
rNeg     . . .     Spirit   .   e - +0 ring mail
rPois    .         Reflect  .   (helmet restricted)
rElec    .         Harm     .   (no cloak)
rCorr    .         Rampage  .   (no gloves)
MR       .....                  (no boots)
Stlth    ..........             (no amulet)
HPRegen  0.13/turn              (no ring)
MPRegen  0.08/turn              (no ring)

@: paralysed
A: retaliatory headbutt, horns 2
a: Berserk, Trog's Hand, Renounce Religion


You were on level 3 of the Dungeon.
You worshipped Trog.
Trog was pleased with you.
You visited 1 branch of the dungeon, and saw 3 of its levels.

You collected 45 gold pieces.

Inventory:

Hand Weapons
 a - a +0 hand axe (weapon)
Armour
 e - a +0 ring mail (worn)
Jewellery
 i - an uncursed ring of flight
Scrolls
 b - a scroll of remove curse {unknown}
 c - a scroll of fog {unknown}
 d - a scroll of enchant weapon {unknown}
 f - 3 scrolls of identify {unknown}
 j - a scroll of blinking {unknown}
 k - a scroll of teleportation {unknown}
Potions
 g - a potion of cancellation {unknown}
 h - a potion of flight {unknown}


   Skills:
 * Level 4.8 Fighting
 + Level 4.5 Axes
 * Level 3.6 Armour
 + Level 2.6 Dodging


You had 3 spell levels left.
You didn't know any spells.
Your spell library was empty.

Dungeon Overview and Level Annotations

Branches:
Dungeon (3/15)

Altars:
Makhleb
Okawaru
Zin

Annotations:
D:3 Grinder, Jessica


Innate Abilities, Weirdness & Mutations

You reflexively headbutt those who attack you in melee.
You have a pair of horns on your head.


Message History

Grinder closely misses you. You furiously retaliate!
You headbutt Grinder.
An orc priest comes into view. It is wielding a +0 hand axe.
An orc comes into view.
You hit Grinder.
Grinder is moderately wounded.
Grinder hits you.
You writhe in agony.
You hit Grinder but do no damage.
Grinder is moderately wounded.
Grinder gestures at you.
You suddenly lose the ability to move!
Grinder hits you.
An orc comes into view. It is wielding a +0 dagger.
Grinder hits you. Grinder gestures at you. Pain shoots through your body!
Jessica hits you with a +7 club. Grinder hits you but does no damage.
Jessica hits you with a +7 club.
* * * LOW HITPOINT WARNING * * *
The orc priest calls down the wrath of Beogh upon you.
Pain shoots through your body!
You die...

..... ...
.....###.### #
>..........#.#
.............#.#
........<.......
#+##.#......#.#
#.##.#.# #.#
..... #@# #.# .
......@5o.# .#
.######o#.# .
...... . #.o .#.
#....# .ยง #...
# . #....


You could see Grinder, an orc priest, Jessica and 2 orcs.

Vanquished Creatures
  3 gnolls (D:2)
  2 worms (D:2)
  2 dart slugs
  2 leopard geckos (D:2)
  2 giant cockroaches (D:1)
  6 goblins
  3 hobgoblins (D:2)
  16 jackals
  2 kobolds
  A quokka (D:2)
  9 bats
  4 frilled lizards
  7 rats
59 creatures vanquished.

Notes
Turn   | Place    | Note
-------+----------+-------------------------------------------
     0 | D:1      | robertstho the Minotaur Berserker began the quest for the
                  | Orb.
     0 | D:1      | Reached XP level 1. HP: 19/19 MP: 0/0
   357 | D:1      | Reached XP level 2. HP: 27/27 MP: 1/1
   590 | D:2      | Reached ** piety under Trog
   591 | D:2      | Reached XP level 3. HP: 23/34 MP: 2/2
   979 | D:2      | Reached XP level 4. HP: 5/41 MP: 3/3
  1577 | D:2      | Found an iron altar of Okawaru.
  1669 | D:2      | Found a burning altar of Makhleb.
  1674 | D:2      | Found a glowing silver altar of Zin.
  1674 | D:2      | Noticed an angel
  1674 | D:2      | Noticed a balrug
  1994 | D:3      | Noticed Grinder
  1997 | D:3      | Noticed Jessica
  2000 | D:3      | Paralysed by Grinder for 7 turns
  2005 | D:3      | Killed from afar by an orc priest

Illustrated notes

Levels and vault maps discovered:
D:1:      dpeg_arrival_castle, layout_basic
D:2:      layout_loops_corners, okawaru_ov_weapons_minmay,
          grunt_temple_overflow_order_and_chaos_2
D:3:      layout_basic, fiery_altar_vehumet, ebering_ghost_gozag,
          minmay_joined_circles, uniq_jessica, uniq_grinder

Skill      XL: |  1  2  3 |
---------------+----------+-----
Fighting       | 4 |  4.8
Axes           | 4 |  4.5
Armour         | 3 |  3.6
Dodging        | |  2.6

Action                   |  1- 3 |  4- 6 || total
-------------------------+-------+-------++-------
Melee: Hand axe          |    70 |    41 ||   111
       Headbutt          |    11 |    11 ||    22
Invok: Berserk           |     1 |       ||     1
Armor: Animal skin       |     6 |       ||     6
       Ring mail         |    32 |    13 ||    45
Dodge: Dodged            |    52 |    29 ||    81

Table legend: (Time is in decaauts)
 A = Elapsed time spent in this place.
 B = Non-inter-level travel time spent in this place.
 C = Inter-level travel time spent in this place.
 D = Time resting spent in this place.
 E = Time spent auto-exploring this place.
 F = Levels seen in this place.
 G = Mean time per level.
                   A        B        C        D        E       F      G
               +--------+--------+--------+--------+--------+-----+--------+
         Total |   2030 |   1985 |     45 |      0 |   1662 |   3 |  676.7 |
       Dungeon |   2030 |   1985 |     45 |      0 |   1662 |   3 |  676.7 |
               +--------+--------+--------+--------+--------+-----+--------+

Top non-repeatable levels by time:
     D:2: 1426 daAuts
     D:1: 593 daAuts
     D:3: 10 daAuts
